 Dungeon Crawl Stone Soup version 0.31.0-11-ge490571c62 (webtiles) character file.

Game seed: 4524322675183821282

10 qw the Shooter (level 2, -1/16 HPs)
             Began as a Deep Elf Hunter on Feb 4, 2024.
             Succumbed to their own poison gas
             ... on level 1 of the Dungeon.
             The game lasted 00:00:00 (518 turns).

qw the Shooter (Deep Elf Hunter)                     Turns: 518, Time: 00:00:01

Health: -1/16      AC:  3    Str:  8    XL:     2   Next: 10%
Magic:  4/4        EV: 12    Int: 13    God:
Gold:   87         SH:  0    Dex: 18    Spells: 1/1 levels left

rFire   . . .        a - +0 shortbow
rCold   . . .        (shield currently unavailable)
rNeg    . . .        c - +0 leather armour
rPois   .            (no helmet)
rElec   .            (no cloak)
rCorr   .            (no gloves)
SInv    .            (no boots)
Will    .....        g - amulet of faith
Stlth   ++           (no ring)
HPRegen 0.22/turn    (no ring)
MPRegen 0.09/turn

%: faith
@: lethally poisoned (-1 -> -6)
A: no striking features
a: no special abilities


You were on level 1 of the Dungeon.
You visited 1 branch of the dungeon, and saw 1 of its levels.

You collected 87 gold pieces.


   Skills:
 - Level 1.5 Fighting
 + Level 6.0 Ranged Weapons
 - Level 2.4 Dodging
 - Level 1.2 Stealth


You had one spell level left.
You didn't know any spells.
Your spell library was empty.

Inventory:

Hand Weapons
 a - a +0 shortbow (weapon)
Armour
 c - a +0 leather armour (worn)
Jewellery
 g - an amulet of faith (around neck)
Potions
 h - a potion of enlightenment {unknown}

Dungeon Overview and Level Annotations

Branches:
Dungeon (1/15)

Altars:


Message History

Press: ? - help, Dir - move target, f - you
As you read the scroll labelled CEXTIKKAOZ, it crumbles to dust.
It was a scroll of blinking.
Done exploring.
500 ||| DRINKING 2 smoky yellow potions.
It was a potion of curing.
You feel better.
Done exploring.
501 ||| DROPPING scroll of butterflies.
You drop a scroll of butterflies.
Done exploring.
What level of the Dungeon? (default 1, ? - help) Sorry, I don't know how to get there.
Enter note:
Enter note:
Enter note:
Enter note:
Enter note:
Enter note:
Enter note:
Enter note:
Enter note: You are engulfed in poison gas.
You are lethally poisoned!
You feel very sick.
503 ||| Stepping ~*~*~tactically~*~*~ (cloud).
You feel very sick.
You see here a scroll of butterflies.
504 ||| DRINKING potion of curing.
You feel better.
504 ||| (to cure poison)
You start resting.
HP restored.
You are engulfed in poison gas.
You are poisoned.
You feel very sick.
There is a lethal amount of poison in your body!
You feel very sick.
There is a lethal amount of poison in your body!
You feel sick.
There is a lethal amount of poison in your body!
You feel sick.
There is a lethal amount of poison in your body!
You die...

#.#.########## ##....
#>...........#### #....
###.########....###.... #.#
####..#...#. ######.########
##.#...#> #....#.##?....#
#.#...## #.##.#.##.###.#
#..#.... #.#.....#.# #.#
##.#....
#.....#.#@###.######.###..
####..#.#............[....
#....#####..#..........
##.#......#.#.#.#....#.
###.#.##...#.#.....#....
#####~~~#..#.###.#.#......#.
#.....#~~~~~~....#.#..##..#.
#.###.#.~..~~~~###.#......#.
#.#.....#.#..~~~##.#.####.##


There were no monsters in sight!

Vanquished Creatures
  A dart slug (D:1)
  2 ball pythons (D:1)
  A goblin (D:1)
  A hobgoblin (D:1)
  A quokka (D:1)
  2 bats (D:1)
8 creatures vanquished.

Notes
Turn   | Place    | Note
-------+----------+-------------------------------------------
     0 | D:1      | qw the Deep Elf Hunter began the quest for the Orb.
     0 | D:1      | Reached XP level 1. HP: 12/12 MP: 3/3
     0 | D:1      | 0 ||| qw: Version: 0.3-a-160-g6735b56
     0 | D:1      | 0 ||| qw: Game counter: 4329
     0 | D:1      | 0 ||| qw: Melee chars always use a shield: true
     0 | D:1      | 0 ||| qw: God list: Okawaru
     0 | D:1      | 0 ||| qw: Allow faded altars: false
     0 | D:1      | 0 ||| qw: Do Orc after clearing Dungeon:15 true
     0 | D:1      | 0 ||| qw: Do second Lair branch before Depths: true
     0 | D:1      | 0 ||| qw: Lair rune preference: random
     0 | D:1      | 0 ||| qw: Goals: Normal
     0 | D:1      | 0 ||| PLANNING D:1-11
   264 | D:1      | Reached XP level 2. HP: 14/16 MP: 4/4
   265 | D:1      | Reached skill level 6 in Ranged Weapons
   462 | D:1      | 462 ||| UPGRADING to amulet of faith.
   467 | D:1      | 467 ||| READING scroll labelled XOYHEUF BOADEM.
   498 | D:1      | 498 ||| READING scroll labelled FITEDA QETSYRI.
   499 | D:1      | 499 ||| READING scroll labelled CEXTIKKAOZ.
   500 | D:1      | 500 ||| DRINKING 2 smoky yellow potions.
   501 | D:1      | 501 ||| DROPPING scroll of butterflies.
   503 | D:1      | 503 ||| Stepping ~*~*~tactically~*~*~ (cloud).
   504 | D:1      | 504 ||| DRINKING potion of curing.
   504 | D:1      | 504 ||| (to cure poison)
   515 | D:1      | HP: 4/16 [poisoned by you (poison gas)]
   517 | D:1      | HP: 1/16 [poisoned by you (poison gas)]
   518 | D:1      | Succumbed to their own poison gas

Levels and vault maps discovered:
D:1:      minmay_arrival_open_corners, layout_basic,
          chequers_serial_rivers_small_a

Skill      XL: |  1  2 |
---------------+-------+-----
Ranged Weapons | 6 |  6.0
Fighting       | |  1.5
Dodging        | |  2.4
Stealth        | |  1.2

Action                     || total
---------------------------++-------
   Fire: Shortbow          ||    17
    Use: Scroll            ||     3
         Potion            ||     2
 Armour: Leather armour    ||     1
  Dodge: Dodged            ||     4

Table legend:
 A = Non-vault XP
 B = Vault XP
 C = Vault XP percentage of total XP
 D = Non-vault monster count
 E = Vault monster count
 F = Vault count percentage of total count
                 A         B        C        D         E       F
            +---------+---------+-------+---------+---------+-------
      Total |      15 |       0 |   0.0 |       8 |       0 |   0.0
            +---------+---------+-------+---------+---------+-------
        D:1 |      15 |       0 |   0.0 |       8 |       0 |   0.0
            +---------+---------+-------+---------+---------+-------
